[Event "23rd Hoogeveen Open 2019"]
[Site "Hoogeveen"]
[Date "2019.10.24"]
[Round "7.11"]
[White "De Jong, Migchiel"]
[Black "Kaasen, Tor Fredrik"]
[Result "1/2-1/2"]
[ECO "E05"]
[WhiteElo "2330"]
[BlackElo "2415"]
[Annotator "NA RC"]
[PlyCount "128"]
[EventDate "2019.10.19"]
[EventType "swiss"]
[EventCountry "NED"]
[SourceTitle "playchess.com"]
[Source "ChessBase"]
[SourceQuality "1"]
[TimeControl "40/5400+30:1800+30"]

1. Nf3 d5 2. d4 Nf6 3. c4 e6 4. g3 Be7 5. Bg2 O-O 6. O-O dxc4 7. Qc2 a6 8. a4 Bd7 9. Qxc4 Bc6 10. Bg5 Bd5 11. Qc2 Be4 12. Qd1 h6 13. Bxf6 Bxf6 14. Nc3 Bxf3 15. Bxf3 c6 16. Qb3 Ra7 17. Rfd1 a5 18. e3 Na6 19. Rd2 Nb4 20. Rad1 Qb6 21. Na2 Be7 22. Be4 Ra6 23. Bb1 Rd8 24. h4 h5 25. Nxb4 Qxb4 26. Qc2 g6 27. Ba2 Kg7 28. Bc4 Rb6 29. b3 Qd6 30. Qe4 Rb4 31. Rc2 Bf6 32. Kg2 Qd7 33. Qf3 b5 34. Be2 Rxb3 35. Rxc6 bxa4 36. d5 Rc8 37. Ra6 Qb7 38. dxe6 fxe6 39. Rxe6 Qxf3+ 40. Bxf3 Rc7 41. Ra6 Rb5 42. Rdd6 a3 43. Bd5 Bc3 44. Rxg6+ Kf8 45. Rg5 Rd7 46. Rg8+ Ke7 47. Bc4 Rb4 48. Rxa5 Rxc4 49. Rxa3 Rc5 50. Rg5 Rdc7 51. Ra6 Bf6 52. Rxc5 Rxc5 53. f4 Rc3 54. Ra5 Rxe3 55. Rxh5 Kf7 56. Kh3 Kg6 57. Rd5 Bc3 58. h5+ Kh6 59. Kh4 Be1 60. Rd6+ Kh7 61. Rg6 Rxg3 62. Rxg3 Kh6 63. f5 Bxg3+ 64. Kxg3 Kg5 1/2-1/2

[Event "23rd Hoogeveen Open 2019"]
[Site "Hoogeveen"]
[Date "2019.10.24"]
[Round "7.12"]
[White "Morozov, Nichita"]
[Black "De Boer, Eelke"]
[Result "1-0"]
[ECO "E90"]
[WhiteElo "2394"]
[BlackElo "2323"]
[Annotator "NA"]
[PlyCount "69"]
[EventDate "2019.10.19"]
[EventType "swiss"]
[EventCountry "NED"]
[SourceTitle "playchess.com"]
[Source "ChessBase"]
[SourceQuality "1"]
[TimeControl "40/5400+30:1800+30"]

1. d4 Nf6 2. c4 g6 3. Nc3 Bg7 4. e4 d6 5. h3 Nbd7 6. Be3 e5 7. d5 Nc5 8. Qc2 O-O 9. Nf3 Nh5 10. g3 f5 11. Bxc5 dxc5 12. Bd3 Qe7 13. O-O-O f4 14. g4 Nf6 15. g5 Ne8 16. Rdg1 a6 17. Kb1 Nd6 18. Bf1 Rb8 19. h4 b5 20. Nd2 Rb6 21. cxb5 axb5 22. a4 b4 23. Nb5 Nxb5 24. Bxb5 Rd8 25. Rc1 Bf8 26. Nc4 Rb8 27. Na5 Bb7 28. Nb3 Rdc8 29. Rhd1 Ba8 30. Nxc5 Rb6 31. Nd7 Rd6 32. Nxf8 Kxf8 33. f3 Bb7 34. Qc4 Rdd8 35. Ka2 1-0

[Event "23rd Hoogeveen Open 2019"]
[Site "Hoogeveen"]
[Date "2019.10.24"]
[Round "7.14"]
[White "Van Dael, Siem"]
[Black "Dixit, Nikhil"]
[Result "1/2-1/2"]
[ECO "A03"]
[WhiteElo "2273"]
[BlackElo "2358"]
[Annotator "NA"]
[PlyCount "61"]
[EventDate "2019.10.19"]
[EventType "swiss"]
[EventCountry "NED"]
[SourceTitle "playchess.com"]
[Source "ChessBase"]
[SourceQuality "1"]
[TimeControl "40/5400+30:1800+30"]

1. f4 g6 2. g3 Bg7 3. Bg2 d5 4. Nf3 Nf6 5. c3 c5 6. d3 Nc6 7. e3 O-O 8. O-O Qc7 9. Nbd2 e5 10. Nxe5 Nxe5 11. fxe5 Qxe5 12. e4 Bg4 13. Qc2 Rfe8 14. exd5 Qe3+ 15. Rf2 Qe1+ 16. Nf1 Bf5 17. Bf3 c4 18. Re2 cxd3 19. Rxe1 dxc2 20. Bf4 Rxe1 21. Rxe1 Rd8 22. Ne3 Bd3 23. Rc1 h6 24. h4 Bf8 25. b4 b5 26. Nxc2 Nxd5 27. Bxd5 Rxd5 28. Ne3 Rd7 29. Ng4 Bg7 30. Ne5 Bxe5 31. Bxe5 1/2-1/2

[Event "23rd Hoogeveen Open 2019"]
[Site "Hoogeveen"]
[Date "2019.10.24"]
[Round "7.15"]
[White "Adocchio, Giampiero"]
[Black "Vrolijk, Liam"]
[Result "0-1"]
[ECO "A46"]
[WhiteElo "2184"]
[BlackElo "2478"]
[Annotator "ChessBase"]
[PlyCount "124"]
[EventDate "2019.10.19"]
[EventType "swiss"]
[EventCountry "NED"]
[SourceTitle "playchess.com"]
[Source "ChessBase"]
[SourceQuality "1"]
[TimeControl "40/5400+30:1800+30"]

1. d4 Nf6 2. Nf3 e6 3. g3 b5 4. Bg2 Bb7 5. O-O c5 6. c3 d5 7. a4 b4 8. cxb4 cxb4 9. Bg5 Bd6 10. Nbd2 Nbd7 11. a5 Rc8 12. Nb3 Ba6 13. Re1 O-O 14. Nfd2 Qc7 15. Rc1 Qb8 16. Rxc8 Rxc8 17. e4 dxe4 18. Nxe4 Nxe4 19. Bxe4 h6 20. Be3 Nf6 21. Bg2 Bc4 22. Nd2 Bd3 23. Bf1 Bxf1 24. Rxf1 Qb5 25. Nb3 Rc7 26. Qf3 Kh7 27. Rc1 Rxc1+ 28. Bxc1 Bc7 29. Bf4 Bxa5 30. Be5 Bd8 31. Qa8 Ng4 32. h3 Nxe5 33. dxe5 Bc7 34. Qxa7 Bxe5 35. Qxf7 Qd5 36. Qh5 g6 37. Qe2 Bxg3 38. fxg3 Qxb3 39. Kh2 Qd5 40. Qf2 Qd7 41. b3 Qe7 42. Qe3 h5 43. Qe4 e5 44. h4 Kg7 45. Kg2 Qd6 46. Qb7+ Kf6 47. Qf3+ Ke6 48. Kh2 Qd2+ 49. Kg1 Qd4+ 50. Kh2 Qc5 51. Qa8 Qf2+ 52. Kh1 Qe1+ 53. Kh2 Qe2+ 54. Kh1 Kf5 55. Qc8+ Ke4 56. Qb7+ Ke3 57. Qb6+ Kf3 58. Qf6+ Kxg3 59. Qxg6+ Qg4 60. Qg5 e4 61. Qe5+ Kf3 62. Qf6+ Qf4 0-1

[Event "23rd Hoogeveen Open 2019"]
[Site "Hoogeveen"]
[Date "2019.10.24"]
[Round "7.16"]
[White "Van der Velde, Henk"]
[Black "Vestby-Ellingsen, Mads"]
[Result "0-1"]
[ECO "A36"]
[WhiteElo "2118"]
[BlackElo "2363"]
[Annotator "NA"]
[PlyCount "46"]
[EventDate "2019.10.19"]
[EventType "swiss"]
[EventCountry "NED"]
[SourceTitle "playchess.com"]
[Source "ChessBase"]
[SourceQuality "1"]
[TimeControl "40/5400+30:1800+30"]

1. c4 c5 2. g3 g6 3. Bg2 Bg7 4. Nc3 Nc6 5. a3 e6 6. Rb1 Nge7 7. b4 cxb4 8. axb4 d5 9. cxd5 exd5 10. b5 Na5 11. d4 Bf5 12. Rb4 Rc8 13. Bd2 Qd6 14. Qa4 Nc4 15. Bf4 Qb6 16. Nh3 Bxd4 17. Nxd5 Nxd5 18. Rxc4 Rxc4 19. Qxc4 Nxf4 20. Nxf4 Qa5+ 21. Kd1 Qa1+ 22. Kd2 Qb2+ 23. Kd1 Bc3 0-1

[Event "23rd Hoogeveen Open 2019"]
[Site "Hoogeveen"]
[Date "2019.10.24"]
[Round "7.17"]
[White "Hoffman, Ron"]
[Black "Wiersma, Eelke"]
[Result "1/2-1/2"]
[ECO "A34"]
[WhiteElo "1991"]
[BlackElo "2321"]
[Annotator "NA"]
[PlyCount "28"]
[EventDate "2019.10.19"]
[EventType "swiss"]
[EventCountry "NED"]
[SourceTitle "playchess.com"]
[Source "ChessBase"]
[SourceQuality "1"]
[TimeControl "40/5400+30:1800+30"]

1. Nf3 Nf6 2. c4 c5 3. Nc3 Nc6 4. e3 e5 5. d3 d5 6. cxd5 Nxd5 7. Be2 Nc7 8. O-O Be7 9. b3 O-O 10. Bb2 Be6 11. Rc1 b6 12. Ne4 f6 13. d4 f5 14. Ng3 exd4 1/2-1/2

[Event "23rd Hoogeveen Open 2019"]
[Site "Hoogeveen"]
[Date "2019.10.24"]
[Round "7.18"]
[White "Bhambure, Shantanu"]
[Black "Barthel, Ansgar"]
[Result "1-0"]
[ECO "D34"]
[WhiteElo "2291"]
[BlackElo "2037"]
[Annotator "NA"]
[PlyCount "95"]
[EventDate "2019.10.19"]
[EventType "swiss"]
[EventCountry "NED"]
[SourceTitle "playchess.com"]
[Source "ChessBase"]
[SourceQuality "1"]
[TimeControl "40/5400+30:1800+30"]

1. d4 d5 2. c4 e6 3. Nc3 c5 4. cxd5 exd5 5. Nf3 Nc6 6. g3 Nf6 7. Bg2 Be7 8. O-O O-O 9. dxc5 Bxc5 10. a3 Ne4 11. Nxd5 Be6 12. Nc3 Qxd1 13. Nxd1 Na5 14. Ng5 Nxg5 15. Bxg5 Nb3 16. Rb1 h6 17. Bc1 Rad8 18. Nc3 b6 19. Re1 Nxc1 20. Rbxc1 Bb3 21. Ne4 Bd4 22. e3 Be5 23. f4 Bb8 24. Rc3 Bd5 25. Nf2 Bxg2 26. Kxg2 Rd2 27. b4 Rfd8 28. Rec1 Bd6 29. Rc8 Rxc8 30. Rxc8+ Kh7 31. Kf3 f5 32. Rc6 Bf8 33. Rc8 Bd6 34. Rc6 Bf8 35. Rc3 a5 36. Rc8 Be7 37. Rc6 axb4 38. axb4 Bxb4 39. Rxb6 Bf8 40. Rb5 g6 41. Rb7+ Bg7 42. g4 Rb2 43. Rd7 Rb5 44. h3 Ra5 45. Nh1 Rb5 46. Ng3 Ra5 47. gxf5 gxf5 48. Nh5 1-0

[Event "23rd Hoogeveen Open 2019"]
[Site "Hoogeveen"]
[Date "2019.10.24"]
[Round "7.19"]
[White "Grooten, Herman"]
[Black "Van Foreest, Machteld"]
[Result "1-0"]
[ECO "E12"]
[WhiteElo "2274"]
[BlackElo "2142"]
[Annotator "NA"]
[PlyCount "80"]
[EventDate "2019.10.19"]
[EventType "swiss"]
[EventCountry "NED"]
[SourceTitle "playchess.com"]
[Source "ChessBase"]
[SourceQuality "1"]
[TimeControl "40/5400+30:1800+30"]

1. d4 Nf6 2. c4 e6 3. Nf3 b6 4. a3 Bb7 5. Nc3 d5 6. Bg5 Be7 7. Qa4+ c6 8. Bxf6 Bxf6 9. cxd5 exd5 10. g3 O-O 11. Bg2 Na6 12. O-O Nc7 13. Rfd1 Re8 14. Rac1 Qd6 15. e3 a6 16. Qc2 Nb5 17. Ne2 Qe7 18. Nf4 Nd6 19. Nd3 Ne4 20. Qb3 b5 21. Nc5 Nxc5 22. Rxc5 Qe6 23. Rdc1 Be7 24. R5c2 Bd6 25. Nd2 f5 26. Qd3 a5 27. Nb3 Kh8 28. Qd2 b4 29. Nc5 Bxc5 30. Rxc5 bxa3 31. bxa3 a4 32. Rb1 Reb8 33. Rb6 Ba6 34. Bxd5 Qe7 35. Rcxc6 Bb7 36. Qb2 Qd7 37. Rc5 Ra7 38. Rcb5 Bxd5 39. Rxb8+ Bg8 40. Rf8 Qd8 1-0

[Event "23rd Hoogeveen Open 2019"]
[Site "Hoogeveen"]
[Date "2019.10.24"]
[Round "7.20"]
[White "Takawira, Erick"]
[Black "Blagojevic, Tijana"]
[Result "0-1"]
[ECO "C65"]
[WhiteElo "2101"]
[BlackElo "2151"]
[Annotator "NA RC"]
[PlyCount "145"]
[EventDate "2019.10.19"]
[EventType "swiss"]
[EventCountry "NED"]
[SourceTitle "playchess.com"]
[Source "ChessBase"]
[SourceQuality "1"]
[TimeControl "40/5400+30:1800+30"]

1. e4 e5 2. Nf3 Nc6 3. Bb5 Nf6 4. d3 Bc5 5. Bxc6 dxc6 6. Be3 Bd6 7. h3 c5 8. Nbd2 Nd7 9. O-O O-O 10. Re1 Re8 11. Nf1 Nf8 12. Ng3 b6 13. a4 a5 14. Qd2 Ne6 15. Nf5 Nd4 16. Bxd4 cxd4 17. Nxd6 Qxd6 18. Kh1 Bd7 19. Nh2 Re6 20. Rf1 Rf6 21. Ng4 Bxg4 22. hxg4 Rf4 23. Qe2 h5 24. gxh5 Rh4+ 25. Kg1 Qh6 26. f3 Rxh5 27. Kf2 Rd8 28. Ke1 Rh2 29. Rg1 Rd6 30. Rd1 Rg6 31. Qf2 Rhxg2 32. Rxg2 Qh1+ 33. Ke2 Qxg2 34. c3 c5 35. c4 Qh3 36. Rg1 Rxg1 37. Qxg1 Qh6 38. Kd1 Qf4 39. Qg2 Qe3 40. Kc2 g6 41. Qf1 Kg7 42. Kd1 Kf6 43. Kc2 Kg7 44. Kd1 Qg5 45. Qf2 f5 46. exf5 gxf5 47. Qh2 Qe3 48. Qg2+ Kf6 49. Kc2 e4 50. fxe4 fxe4 51. dxe4 Ke5 52. Qg7+ Kxe4 53. Qg4+ Ke5 54. Qg7+ Kf4 55. Qh6+ Kf3 56. Qh5+ Kf2 57. Qh2+ Kf1 58. Qh1+ Qg1 59. Qh7 Qf2+ 60. Kb3 Qf3+ 61. Kc2 Ke1 62. Kb1 Qd1+ 63. Ka2 Qxa4+ 64. Kb1 Qxc4 65. Qh4+ Kd1 66. Qh1+ Kd2 67. Qh6+ Ke2 68. Qh5+ Kf2 69. Qh4+ Kf3 70. Qh5+ Kf4 71. Qh6+ Ke5 72. Qxb6 Qd5 73. Qxa5 0-1

[Event "23rd Hoogeveen Open 2019"]
[Site "Hoogeveen"]
[Date "2019.10.24"]
[Round "7.22"]
[White "Sparenberg, Erik"]
[Black "De Winter, Arthur"]
[Result "1-0"]
[ECO "E68"]
[WhiteElo "2142"]
[BlackElo "1896"]
[Annotator "NA"]
[PlyCount "89"]
[EventDate "2019.10.19"]
[EventType "swiss"]
[EventCountry "NED"]
[SourceTitle "playchess.com"]
[Source "ChessBase"]
[SourceQuality "1"]
[TimeControl "40/5400+30:1800+30"]

1. Nf3 Nf6 2. d4 g6 3. g3 Bg7 4. Bg2 O-O 5. O-O d6 6. c4 Nbd7 7. Nc3 e5 8. e4 exd4 9. Nxd4 Nc5 10. b4 Ne6 11. Bb2 Nxd4 12. Qxd4 Nd7 13. Qd2 Nb6 14. Qe2 Be6 15. Nd5 Bxb2 16. Qxb2 Nxc4 17. Qd4 Bxd5 18. Qxd5 Ne5 19. Qxb7 Rb8 20. Qxa7 Nc6 21. Qa6 Nxb4 22. Qc4 c5 23. e5 dxe5 24. a3 Qd3 25. Qxc5 Rb5 26. Qc7 Na6 27. Qa7 Nb8 28. a4 Rb2 29. a5 Na6 30. Rfd1 Qf5 31. Qe3 Rfb8 32. Be4 Qf6 33. Rd2 R2b4 34. Rad1 Nc7 35. Rd6 Ne6 36. a6 Rb2 37. a7 Rf8 38. a8=Q Rxa8 39. Bxa8 Qf5 40. Be4 Qh5 41. Qf3 Qg5 42. Rxe6 fxe6 43. Rd7 Qc1+ 44. Kg2 Rxf2+ 45. Qxf2 1-0

[Event "23rd Hoogeveen Open 2019"]
[Site "Hoogeveen"]
[Date "2019.10.24"]
[Round "7.23"]
[White "Emans, Job"]
[Black "Tabak, Stefan"]
[Result "1-0"]
[ECO "A57"]
[WhiteElo "2028"]
[BlackElo "2181"]
[Annotator "NA"]
[PlyCount "73"]
[EventDate "2019.10.19"]
[EventType "swiss"]
[EventCountry "NED"]
[SourceTitle "playchess.com"]
[Source "ChessBase"]
[SourceQuality "1"]
[TimeControl "40/5400+30:1800+30"]

1. d4 Nf6 2. c4 c5 3. d5 b5 4. cxb5 a6 5. b6 e6 6. Nc3 exd5 7. Nxd5 Nxd5 8. Qxd5 Nc6 9. Nf3 Rb8 10. Bf4 Rxb6 11. e4 Be7 12. Bc4 O-O 13. O-O Na5 14. Bd3 g6 15. Bh6 Rd6 16. Qe5 f6 17. Qc3 Rf7 18. Bf4 Re6 19. Bd2 c4 20. Be2 Rxe4 21. Rae1 Nc6 22. Bxc4 Rxc4 23. Qxc4 Bb7 24. Re2 d5 25. Qb3 Qd7 26. Rfe1 h5 27. Qd3 Rg7 28. Bh6 Rh7 29. Qxg6+ Kh8 30. Rxe7 Rxe7 31. Qxf6+ Kg8 32. Qg6+ Kh8 33. Bg7+ Rxg7 34. Re8+ Qxe8 35. Qxe8+ Kh7 36. Qxh5+ Kg8 37. Ng5 1-0

[Event "23rd Hoogeveen Open 2019"]
[Site "Hoogeveen"]
[Date "2019.10.24"]
[Round "7.24"]
[White "Advait, Bagri"]
[Black "Ypma, Jord"]
[Result "1/2-1/2"]
[ECO "B53"]
[WhiteElo "2231"]
[BlackElo "2013"]
[Annotator "NA"]
[PlyCount "72"]
[EventDate "2019.10.19"]
[EventType "swiss"]
[EventCountry "NED"]
[SourceTitle "playchess.com"]
[Source "ChessBase"]
[SourceQuality "1"]
[TimeControl "40/5400+30:1800+30"]

1. e4 c5 2. Nf3 d6 3. d4 cxd4 4. Qxd4 a6 5. h3 Nc6 6. Qe3 g6 7. c4 Bg7 8. Be2 Nf6 9. O-O O-O 10. Nc3 Nd7 11. Rb1 b6 12. b3 Nde5 13. Rd1 Nxf3+ 14. Bxf3 Rb8 15. Bb2 Bb7 16. Be2 Ba8 17. Nd5 e5 18. b4 Nd4 19. Bxd4 exd4 20. Qa3 Bxd5 21. exd5 Be5 22. Qf3 Qc7 23. Rbc1 a5 24. a3 Ra8 25. Bd3 axb4 26. axb4 Ra4 27. Rb1 Ra2 28. h4 Qe7 29. g3 Rfa8 30. Qg4 h5 31. Qe4 Qd7 32. Bf1 R8a3 33. Rd3 Rxd3 34. Qxd3 Qg4 35. Re1 Bf6 36. Be2 Qd7 1/2-1/2

[Event "23rd Hoogeveen Open 2019"]
[Site "Hoogeveen"]
[Date "2019.10.24"]
[Round "7.25"]
[White "Garcia Morales, Ivette Ale"]
[Black "Vogel, Jaap"]
[Result "0-1"]
[ECO "E08"]
[WhiteElo "2013"]
[BlackElo "2123"]
[Annotator "NA"]
[PlyCount "60"]
[EventDate "2019.10.19"]
[EventType "swiss"]
[EventCountry "NED"]
[SourceTitle "playchess.com"]
[Source "ChessBase"]
[SourceQuality "1"]
[TimeControl "40/5400+30:1800+30"]

1. d4 e6 2. Nf3 d5 3. c4 c6 4. g3 Nf6 5. Bg2 Be7 6. O-O O-O 7. Nc3 b6 8. Qc2 Nbd7 9. Rd1 Ba6 10. cxd5 cxd5 11. Ne5 Qc8 12. Qa4 Nxe5 13. dxe5 Nd7 14. Bf4 b5 15. Qd4 b4 16. Ne4 Bxe2 17. Rd2 Qa6 18. Bg5 Bxg5 19. Nxg5 Rac8 20. Re1 Bb5 21. b3 Nc5 22. Bf1 h6 23. Bxb5 Qxb5 24. Nh3 Ne4 25. Rde2 a5 26. Nf4 Rc3 27. Nh5 Rfc8 28. Kg2 Rc2 29. Qe3 Rxe2 30. Rxe2 Rc3 0-1

[Event "23rd Hoogeveen Open 2019"]
[Site "Hoogeveen"]
[Date "2019.10.24"]
[Round "7.26"]
[White "Van der Hagen, Loek"]
[Black "Van Dorp, Folke"]
[Result "1/2-1/2"]
[ECO "B94"]
[WhiteElo "1983"]
[BlackElo "2086"]
[Annotator "NA"]
[PlyCount "77"]
[EventDate "2019.10.19"]
[EventType "swiss"]
[EventCountry "NED"]
[SourceTitle "playchess.com"]
[Source "ChessBase"]
[SourceQuality "1"]
[TimeControl "40/5400+30:1800+30"]

1. e4 c5 2. Nf3 d6 3. d4 cxd4 4. Nxd4 Nf6 5. Nc3 a6 6. Bg5 Nbd7 7. f4 Qa5 8. Qf3 h6 9. Bh4 e5 10. Nb3 Qc7 11. f5 b5 12. a3 Bb7 13. Bd3 Rc8 14. O-O-O Be7 15. Bf2 Nb6 16. Bxb6 Qxb6 17. Nd5 Bxd5 18. exd5 Nd7 19. h4 a5 20. g4 a4 21. Nd2 Nc5 22. c3 b4 23. axb4 Nxd3+ 24. Qxd3 Qxb4 25. c4 Bd8 26. Qc3 Ba5 27. Kc2 Qc5 28. Ne4 Bxc3 29. Nxc5 Bxb2 30. Nxa4 Bd4 31. Kd3 Ra8 32. Rb1 O-O 33. Nc3 Ra3 34. Rhc1 Rc8 35. Rb7 Kf8 36. g5 Re8 37. Rc2 Ra1 38. Ne4 Ra3+ 39. Nc3 1/2-1/2

[Event "23rd Hoogeveen Open 2019"]
[Site "Hoogeveen"]
[Date "2019.10.24"]
[Round "7.28"]
[White "Faber, Hugo"]
[Black "Albers, Sasa"]
[Result "1/2-1/2"]
[ECO "B13"]
[WhiteElo "2077"]
[BlackElo "1975"]
[Annotator "NA"]
[PlyCount "109"]
[EventDate "2019.10.19"]
[EventType "swiss"]
[EventCountry "NED"]
[SourceTitle "playchess.com"]
[Source "ChessBase"]
[SourceQuality "1"]
[TimeControl "40/5400+30:1800+30"]

1. e4 c6 2. d4 d5 3. exd5 cxd5 4. c4 Nf6 5. Nc3 Nc6 6. Bg5 Be6 7. Bxf6 exf6 8. a3 g6 9. Nf3 Bg7 10. Be2 O-O 11. O-O f5 12. Qd2 Rc8 13. Rad1 Qd7 14. c5 b6 15. b4 bxc5 16. bxc5 Rb8 17. Qc2 Rfd8 18. Qa4 Ne7 19. Bb5 Qc7 20. Rfe1 Bf6 21. Ne5 Bxe5 22. Rxe5 Kg7 23. Rde1 Ng8 24. f3 Nf6 25. g3 h5 26. Qa6 h4 27. Kg2 hxg3 28. hxg3 Rh8 29. R1e2 f4 30. Rxe6 fxe6 31. Rxe6 Qf7 32. Qd6 Rhd8 33. Qe5 Rb7 34. g4 a6 35. g5 axb5 36. Rxf6 Qc7 37. Rd6+ Kh7 38. Nxd5 Qa5 39. Rxd8 Qxd8 40. Nf6+ Kg7 41. Nd7+ Kh7 42. c6 Rxd7 43. cxd7 Qxd7 44. Qxf4 Qe7 45. Qe5 Qxa3 46. Qxb5 Qa2+ 47. Kg3 Qa7 48. Qe5 Kg8 49. d5 Qg1+ 50. Kf4 Qh2+ 51. Ke4 Qe2+ 52. Kd4 Qb2+ 53. Ke4 Qe2+ 54. Kf4 Qh2+ 55. Ke4 1/2-1/2

[Event "23rd Hoogeveen Open 2019"]
[Site "Hoogeveen"]
[Date "2019.10.24"]
[Round "7.29"]
[White "Stock, Andreas"]
[Black "Slagboom, Leandro"]
[Result "1/2-1/2"]
[ECO "A18"]
[WhiteElo "2076"]
[BlackElo "1954"]
[Annotator "NA"]
[PlyCount "69"]
[EventDate "2019.10.19"]
[EventType "swiss"]
[EventCountry "NED"]
[SourceTitle "playchess.com"]
[Source "ChessBase"]
[SourceQuality "1"]
[TimeControl "40/5400+30:1800+30"]

1. c4 Nf6 2. Nc3 e6 3. e4 d5 4. e5 d4 5. exf6 dxc3 6. bxc3 Qxf6 7. Be2 e5 8. Nf3 e4 9. Nd4 Be7 10. O-O O-O 11. Bg4 Nc6 12. Nxc6 Qxc6 13. Bxc8 Raxc8 14. Qe2 Bd6 15. Rb1 a6 16. Rb3 f5 17. d4 Rce8 18. c5 Be7 19. Qc4+ Kh8 20. Bf4 b5 21. Qe2 g5 22. Be5+ Bf6 23. Bxf6+ Qxf6 24. c4 f4 25. cxb5 f3 26. Qe3 Qf5 27. Kh1 Re6 28. Rg1 axb5 29. Rxb5 c6 30. Rb7 Rg8 31. Qc3 Qd5 32. Qb3 Qf5 33. g4 Qf6 34. Qe3 Rd8 35. Rb4 1/2-1/2

[Event "23rd Hoogeveen Open 2019"]
[Site "Hoogeveen"]
[Date "2019.10.24"]
[Round "7.30"]
[White "Djukic, Sandra"]
[Black "Otten, Martijn"]
[Result "1-0"]
[ECO "D12"]
[WhiteElo "2179"]
[BlackElo "2101"]
[Annotator "NA RC"]
[PlyCount "109"]
[EventDate "2019.10.19"]
[EventType "swiss"]
[EventCountry "NED"]
[SourceTitle "playchess.com"]
[Source "ChessBase"]
[SourceQuality "1"]
[TimeControl "40/5400+30:1800+30"]

1. d4 d5 2. c4 c6 3. Nf3 Nf6 4. e3 Bf5 5. Nc3 e6 6. Nh4 Be4 7. f3 Bg6 8. Qb3 Qc7 9. Nxg6 hxg6 10. f4 Be7 11. Be2 Nbd7 12. Bd2 dxc4 13. Qxc4 a6 14. Rc1 g5 15. b4 gxf4 16. exf4 Nb6 17. Qb3 Qd6 18. d5 Nbxd5 19. O-O g5 20. Rcd1 Qc7 21. Nxd5 Nxd5 22. g3 Rg8 23. f5 e5 24. Kg2 O-O-O 25. a4 e4 26. b5 axb5 27. axb5 Nf4+ 28. gxf4 gxf4+ 29. Kh1 f3 30. Bxf3 Rh8 31. Rf2 Rd3 32. Qb2 Rh4 33. Rg1 Rxf3 34. Rg8+ Kd7 35. Qd4+ Bd6 36. b6 Rxf2 37. Qxf2 Rxh2+ 38. Qxh2 Bxh2 39. bxc7 Bxc7 40. Bb4 Bd6 41. Bxd6 Kxd6 42. Kg2 Ke5 43. Kf2 Kxf5 44. Re8 Kf4 45. Re7 f5 46. Rxb7 Ke5 47. Rc7 Kd5 48. Ke3 c5 49. Rc8 c4 50. Rc7 f4+ 51. Kxf4 Kd4 52. Rd7+ Kc3 53. Kxe4 Kb2 54. Rc7 c3 55. Kd3 1-0

[Event "23rd Hoogeveen Open 2019"]
[Site "Hoogeveen"]
[Date "2019.10.24"]
[Round "7.32"]
[White "Nicolai, Amir"]
[Black "Gijsen, William"]
[Result "1-0"]
[ECO "A00"]
[WhiteElo "2117"]
[BlackElo "2091"]
[Annotator "NA"]
[PlyCount "47"]
[EventDate "2019.10.19"]
[EventType "swiss"]
[EventCountry "NED"]
[SourceTitle "playchess.com"]
[Source "ChessBase"]
[SourceQuality "1"]
[TimeControl "40/5400+30:1800+30"]

1. b4 e5 2. a3 d5 3. Bb2 Bd6 4. c4 dxc4 5. e3 Be6 6. Qc2 Nd7 7. Nf3 b5 8. d3 Bf5 9. e4 cxd3 10. Bxd3 Bg4 11. Bxb5 Bxf3 12. gxf3 Ngf6 13. Nd2 O-O 14. Nc4 Rb8 15. Bc6 Qe7 16. O-O-O Nb6 17. Ne3 Qe6 18. Rhg1 Rfd8 19. f4 exf4 20. Bd5 Nbxd5 21. exd5 Qh3 22. Bxf6 fxe3 23. Rxg7+ Kf8 24. Rxh7 1-0

[Event "23rd Hoogeveen Open 2019"]
[Site "Hoogeveen"]
[Date "2019.10.24"]
[Round "7.33"]
[White "Boersma, Jan"]
[Black "Shakhverdian, William"]
[Result "1/2-1/2"]
[ECO "C48"]
[WhiteElo "2070"]
[BlackElo "2109"]
[Annotator "NA"]
[PlyCount "103"]
[EventDate "2019.10.19"]
[EventType "swiss"]
[EventCountry "NED"]
[SourceTitle "playchess.com"]
[Source "ChessBase"]
[SourceQuality "1"]
[TimeControl "40/5400+30:1800+30"]

1. e4 e5 2. Nc3 Nc6 3. Nf3 Nf6 4. Bb5 Bc5 5. O-O O-O 6. Nxe5 Nxe5 7. d4 a6 8. Be2 Bd6 9. dxe5 Bxe5 10. Bd3 Bxc3 11. bxc3 d5 12. e5 Nd7 13. f4 Re8 14. Qh5 g6 15. Qh6 Qe7 16. Bd2 Nc5 17. Rae1 Nxd3 18. cxd3 Bf5 19. Rf3 Qf8 20. Qh4 Qe7 21. Qf2 c5 22. h3 h5 23. Rg3 c4 24. dxc4 dxc4 25. Be3 b5 26. Bd4 Qe6 27. Qe2 Rad8 28. Qxh5 Rxd4 29. cxd4 Qd7 30. d5 c3 31. Kh2 c2 32. e6 Qxd5 33. exf7+ Qxf7 34. Rxe8+ Qxe8 35. Qxf5 c1=Q 36. Rxg6+ Qxg6 37. Qxg6+ Kf8 38. Qd6+ Kf7 39. f5 Qc4 40. Qg6+ Kf8 41. Qf6+ Ke8 42. h4 Qxa2 43. h5 Qg8 44. Qxa6 Qc4 45. Qg6+ Kd7 46. Qg7+ Ke8 47. Qe5+ Kf7 48. g3 Qc6 49. g4 b4 50. Qb8 Qc2+ 51. Kh3 Qc3+ 52. Kh4 1/2-1/2

[Event "23rd Hoogeveen Open 2019"]
[Site "Hoogeveen"]
[Date "2019.10.24"]
[Round "7.34"]
[White "Merkon, Oseb"]
[Black "Stavast, Dick"]
[Result "0-1"]
[ECO "A21"]
[WhiteElo "1930"]
[BlackElo "2068"]
[Annotator "NA"]
[PlyCount "46"]
[EventDate "2019.10.19"]
[EventType "swiss"]
[EventCountry "NED"]
[SourceTitle "playchess.com"]
[Source "ChessBase"]
[SourceQuality "1"]
[TimeControl "40/5400+30:1800+30"]

1. c4 d6 2. Nc3 e5 3. g3 f5 4. Bg2 Nf6 5. d4 Be7 6. dxe5 dxe5 7. Qxd8+ Bxd8 8. e4 fxe4 9. Nxe4 Nbd7 10. Be3 Nxe4 11. Bxe4 Nf6 12. Bg2 c6 13. Nf3 e4 14. Nd2 Be6 15. Bxe4 Ba5 16. Bd3 O-O-O 17. Be2 Ne4 18. Rd1 Nxd2 19. Bxd2 Rxd2 20. Rxd2 Rd8 21. O-O Rxd2 22. Bh5 Bh3 23. Rc1 Rxb2 0-1

[Event "23rd Hoogeveen Open 2019"]
[Site "Hoogeveen"]
[Date "2019.10.24"]
[Round "7.35"]
[White "Mijnster, Niels"]
[Black "Van der Veen, Jan"]
[Result "1-0"]
[ECO "E94"]
[WhiteElo "2145"]
[BlackElo "2043"]
[Annotator "NA"]
[PlyCount "74"]
[EventDate "2019.10.19"]
[EventType "swiss"]
[EventCountry "NED"]
[SourceTitle "playchess.com"]
[Source "ChessBase"]
[SourceQuality "1"]
[TimeControl "40/5400+30:1800+30"]

1. d4 Nf6 2. c4 d6 3. Nf3 g6 4. Nc3 Bg7 5. e4 O-O 6. Be2 e5 7. dxe5 dxe5 8. O-O Nbd7 9. Qc2 c6 10. h3 h6 11. Be3 Nh5 12. Rfd1 Nf4 13. Bf1 Qf6 14. g3 Ne6 15. Be2 Re8 16. b4 a5 17. b5 Ndc5 18. bxc6 bxc6 19. Rab1 Rd8 20. Nd5 cxd5 21. cxd5 Ba6 22. dxe6 Nxe6 23. Rxd8+ Qxd8 24. Bb6 Qd7 25. Bxa6 Rxa6 26. Kg2 Ra8 27. Rd1 Qb7 28. Be3 Rc8 29. Qb1 Qxb1 30. Rxb1 Rc2 31. Rb8+ Kh7 32. Rb5 Rxa2 33. Nxe5 Nc7 34. Rc5 Ne6 35. Rd5 Nc7 36. Rc5 Kg8 37. Rc4 Rc2 1-0

[Event "23rd Hoogeveen Open 2019"]
[Site "Hoogeveen"]
[Date "2019.10.24"]
[Round "7.36"]
[White "Noordenbos, Daan"]
[Black "Klaren, Duncan"]
[Result "1/2-1/2"]
[ECO "B94"]
[WhiteElo "2133"]
[BlackElo "1923"]
[Annotator "NA"]
[PlyCount "47"]
[EventDate "2019.10.19"]
[EventType "swiss"]
[EventCountry "NED"]
[SourceTitle "playchess.com"]
[Source "ChessBase"]
[SourceQuality "1"]
[TimeControl "40/5400+30:1800+30"]

1. e4 c5 2. Nf3 d6 3. d4 cxd4 4. Nxd4 Nf6 5. Nc3 a6 6. Bg5 Nbd7 7. Qf3 Qa5 8. h4 e6 9. O-O-O Be7 10. Be2 Qc7 11. g4 b5 12. Qg2 b4 13. Na4 Bb7 14. f3 Rc8 15. Bf1 Qa5 16. b3 Nc5 17. Kb1 Nfxe4 18. fxe4 Bxe4 19. Qh2 Nxa4 20. bxa4 Bxg5 21. hxg5 e5 22. Bg2 Bxg2 23. Qxg2 exd4 24. g6 1/2-1/2